 Dungeon Crawl Stone Soup version 0.22.1-6-g1668fe2 (webtiles) character file.

8027 dvd the Cleaver (level 11, 0/58 HPs)
             Began as a Vine Stalker Gladiator on Jan 28, 2019.
             Was an Elder of Makhleb.
             Slain by Snorg (9 damage)
             ... on level 11 of the Dungeon.
             The game lasted 00:21:45 (7997 turns).

dvd the Cleaver (Vine Stalker Gladiator)            Turns: 7997, Time: 00:21:45

Health: 0/58       AC: 16    Str: 25    XL:     11   Next: 24%
Magic:  0/13       EV:  9    Int:  8    God:    Makhleb [****..]
Gold:   196        SH:  0    Dex: 21    Spells: 10/10 levels left

rFire    . . .     SeeInvis +   a - +4 battleaxe (chop)
rCold    . . .     Gourm    .   (shield currently unavailable)
rNeg     . . .     Faith    .   p - +0 plate armour
rPois    .         Spirit   +   c - +0 helmet
rElec    .         Reflect  .   B - scarf {repulsion}
rCorr    .         Harm     .   (no gloves)
MR       +....                  F - +0 pair of boots
Stlth    ..........             (no amulet)
HPRegen  0.59/turn              b - +5 ring of dexterity
MPRegen  0.13/turn              Q - ring of see invisible

@: mighty, about to teleport, very slightly contaminated, invisible, repel
missiles
A: fangs 3, regeneration 1, magic shield, antimagic bite, no potion heal 3, rot
immunity
a: Minor Destruction, Lesser Servant of Makhleb, Major Destruction, Renounce
Religion


You were on level 11 of the Dungeon.
You worshipped Makhleb.
Makhleb was greatly pleased with you.
You were not hungry.

You visited 1 branch of the dungeon, and saw 11 of its levels.

You collected 507 gold pieces.
You spent 311 gold pieces at shops.

Inventory:

Hand Weapons
 a - a +4 battleaxe of chopping (weapon)
 C - a +2 short sword of freezing
 M - a +1 falchion of slicing
 T - a +2 trident of venom
Missiles
 d - 5 throwing nets (quivered)
Armour
 c - a +0 helmet (worn)
 g - a +0 ring mail
 j - a +0 scale mail
 p - a +0 plate armour (worn)
 x - a +0 leather armour of poison resistance
 B - a scarf of repulsion (worn)
 F - a +0 pair of boots (worn)
Jewellery
 b - a +5 ring of dexterity (left hand)
 k - an uncursed ring of stealth
 m - a +3 ring of intelligence
 o - an uncursed ring of stealth
 v - an uncursed ring of wizardry
 N - an uncursed ring of protection from cold
 Q - a ring of see invisible (right hand)
Wands
 y - a wand of flame (27)
 D - a wand of acid (6)
 H - a wand of enslavement (16)
 S - a wand of iceblast (11)
Scrolls
 i - 2 scrolls of teleportation
 l - 6 scrolls of identify
 n - 2 scrolls of amnesia
 s - 9 scrolls of remove curse
 t - 6 scrolls of magic mapping
 J - 2 scrolls of immolation {unknown}
 K - 3 scrolls of enchant armour {unknown}
 O - 2 scrolls of fear {unknown}
 P - a scroll of brand weapon {unknown}
 R - 3 scrolls of blinking {unknown}
Potions
 e - 3 potions of lignification
 h - 5 potions of curing
 r - a potion of flight {unknown}
 u - a potion of brilliance {unknown}
 z - 3 potions of agility {unknown}
 E - a potion of berserk rage {unknown}
 G - a potion of mutation {unknown}
 I - 2 potions of haste {unknown}
 L - a potion of cancellation {unknown}
Comestibles
 f - 22 rations
 q - 2 chunks of flesh


   Skills:
 + Level 6.4 Fighting
 + Level 10.8 Axes
 + Level 2.0 Throwing
 * Level 8.2 Armour
 + Level 3.0 Dodging
 + Level 3.0 Stealth
 + Level 2.4 Invocations


You had 10 spell levels left.
You didn't know any spells.
Your spell library contained the following spells:

 Spells                   Type           Power        Failure   Level  Hunger
 Animate Skeleton         Necr           N/A          99%         1    ##.....
 Confusing Touch          Hex            #.....       99%         1    ##.....
 Sting                    Conj/Pois      #...         99%         1    ##.....
 Poisonous Vapours        Pois/Air       #.....       100%        2    ###....
 Confuse                  Hex            #.......     100%        3    ####...
 Gell's Gravitas          Tloc           #.........   100%        3    ####...
 Mephitic Cloud           Conj/Pois/Air  #.......     100%        3    ####...
 Olgreb's Toxic Radiance  Pois           #.......     100%        4    #####..
 Petrify                  Tmut/Erth      #.......     100%        4    #####..
 Summon Ice Beast         Ice/Summ       #.......     100%        4    #####..
 Metabolic Englaciation   Hex/Ice        #.........   100%        5    ######.
 Venom Bolt               Conj/Pois      #.........   100%        5    ######.
 Yara's Violent Unravell  Hex/Tmut       #.........   100%        5    ######.
 Bolt of Cold             Conj/Ice       #.........   100%        6    #######


Dungeon Overview and Level Annotations

Branches:
Dungeon (11/15)            Temple (0/1) D:4            Lair (0/6) D:9
    Orc: D:9-12

Altars:
Ashenzari
Cheibriados
Dithmenos
Gozag
Makhleb
Qazlal
Ru
Vehumet
Xom

Shops:
D:4 [   D:5 (

Annotations:
D:8 1 runed door, Baril's ghost, novice DEEE
D:11 Erolcha; Snorg


Innate Abilities, Weirdness & Mutations

You have razor-sharp teeth.
Your natural rate of healing is unusually fast.
When hurt, damage is shared between your health and your magic reserves.
Your bite disrupts and absorbs the magic of your enemies.
Potions cannot restore your health.
You are immune to rotting.


Message History

You are very lightly contaminated with residual magic.
You feel very mighty all of a sudden.
Snorg barely misses you. x2; Snorg closely misses you.
Snorg bites you!! Snorg closely misses you. Snorg claws you!
Snorg bites you but does no damage. Snorg barely misses you.
Snorg closely misses you.
There is an open door here.
Snorg completely misses you. Snorg claws you but does no damage. x2
Snorg barely misses you. Snorg claws you!
* * * LOW HITPOINT WARNING * * *
Snorg claws you.
* * * LOW HITPOINT WARNING * * *
Unknown command.
As you read the scroll of teleportation, it crumbles to dust.
You feel strangely unstable. Snorg barely misses you. Snorg claws you.
* * * LOW HITPOINT WARNING * * *
Snorg barely misses you.
Snorg rages.
Snorg bites you!
You die...

#...T....# #'# ###.#
# #...# . .. #.###
##### ...# #.# #....
.....######O### #....
#..........# #....
#...@T.....# ###....
#....u.....####......
##.........'....#....
#.........#########.
#.........# #.
#####+##### ## # ###


You could see Snorg (berserk), a cyan ugly thing and Erolcha.

Vanquished Creatures
  Psyche (D:9)
  A troll (D:9)
  2 hippogriffs
  Prince Ribbit (D:6)
  A wraith (D:10)
  9 yaks (D:10)
  A human (D:7)
  Sigmund (D:3)
  A wyvern (D:9)
  4 hogs (D:7)
  A hungry ghost (D:8)
  A steam dragon (D:8)
  3 porcupines (D:9)
  3 ice beasts
  3 orc warriors
  A sky beast (D:10)
  A phantom (D:10)
  5 ogres
  3 centaurs
  A crocodile (D:10)
  2 big kobolds (D:7)
  3 bullfrogs
  A gnoll sergeant (D:8)
  A scorpion (D:8)
  7 killer bees (D:10)
  8 howler monkeys
  4 crimson imps
  2 bullfrog zombies (D:8)
  A hound (D:7)
  A jelly (D:9)
  4 orc priests
  5 bullfrog skeletons
  9 orc wizards
  3 iguanas
  6 worker ants
  A hound skeleton (D:5)
  2 howler monkey zombies (D:9)
  9 gnolls
  18 adders
  2 shadow imps (D:6)
  An ooze (D:4)
  4 worms
  4 dart slugs
  3 leopard geckos
  37 orcs
  12 bats
  5 giant cockroaches
  7 goblins
  6 hobgoblins
  11 jackals
  14 kobolds
  8 quokkas
  A ball python (D:1)
  5 frilled lizards
  4 rats
  3 fungi (D:9)
258 creatures vanquished.

Vanquished Creatures (others)
  2 fungi (D:8)
  4 plants (D:8)
6 creatures vanquished.

Grand Total: 264 creatures vanquished

Notes
Turn   | Place    | Note
-------+----------+-------------------------------------------
     0 | D:1      | dvd the Vine Stalker Gladiator began the quest for the Orb.
     0 | D:1      | Reached XP level 1. HP: 11/11 MP: 2/2
    45 | D:1      | Reached XP level 2. HP: 11/15 MP: 3/3
   121 | D:1      | Reached skill level 3 in Axes
   352 | D:1      | Reached XP level 3. HP: 12/18 MP: 2/4
   656 | D:2      | Reached skill level 1 in Stealth
   656 | D:2      | Gained mutation: Your natural rate of healing is unusually
                  | fast. [Vine Stalker growth]
   656 | D:2      | Reached XP level 4. HP: 23/23 MP: 5/5
   695 | D:2      | Found a burning altar of Makhleb.
   712 | D:2      | Became a worshipper of Makhleb the Destroyer
  1130 | D:2      | Reached skill level 1 in Armour
  1329 | D:2      | Reached XP level 5. HP: 22/27 MP: 6/6
  1465 | D:3      | Reached skill level 4 in Axes
  1477 | D:3      | Reached * piety under Makhleb
  1528 | D:3      | Reached XP level 6. HP: 32/32 MP: 7/7
  1752 | D:3      | Noticed Sigmund
  1760 | D:3      | Killed Sigmund
  2004 | D:3      | Found a shadowy altar of Dithmenos.
  2123 | D:4      | Reached skill level 5 in Axes
  2268 | D:4      | Reached XP level 7. HP: 36/36 MP: 8/8
  2537 | D:4      | Found Dinap's Armour Shop.
  2541 | D:4      | Bought a +0 pair of boots for 45 gold pieces
  2590 | D:4      | Found a snail-covered altar of Cheibriados.
  2706 | D:4      | Found a staircase to the Ecumenical Temple.
  2823 | D:5      | Entered Level 5 of the Dungeon
  3044 | D:5      | Reached skill level 6 in Axes
  3081 | D:5      | Found Ninia's Antique Weapon Shop.
  3216 | D:5      | Gained mutation: You have razor-sharp teeth. [Vine Stalker
                  | growth]
  3216 | D:5      | Reached XP level 8. HP: 20/42 MP: 5/9
  3596 | D:5      | Reached ** piety under Makhleb
  4251 | D:6      | Identified the Handbook of Icy Dark Arts
  4382 | D:6      | HP: 2/42 [orc warrior/flail (9)]
  4704 | D:6      | Noticed Prince Ribbit
  4715 | D:6      | Killed Prince Ribbit
  4715 | D:6      | Reached skill level 7 in Axes
  4957 | D:7      | Reached XP level 9. HP: 16/46 MP: 7/10
  4967 | D:7      | Reached skill level 5 in Armour
  5075 | D:7      | Found an opulent altar of Gozag.
  5180 | D:5      | Bought a glowing battleaxe for 266 gold pieces
  5411 | D:7      | Reached skill level 8 in Axes
  5484 | D:7      | Found a radiant altar of Vehumet.
  5494 | D:7      | Found a shattered altar of Ashenzari.
  5621 | D:8      | Reached skill level 5 in Fighting
  5703 | D:8      | Reached *** piety under Makhleb
  5773 | D:8      | Found a runed door.
  5776 | D:8      | Noticed Baril's ghost (novice DEEE)
  5776 | D:8      | Noticed a polar bear
  5852 | D:8      | Reached skill level 9 in Axes
  5852 | D:8      | Reached XP level 10. HP: 51/51 MP: 9/11
  5998 | D:8      | Found a stormy altar of Qazlal.
  6238 | D:8      | Found a shimmering altar of Xom.
  6238 | D:8      | Found a sacrificial altar of Ru.
  6663 | D:9      | Reached skill level 1 in Invocations
  6862 | D:9      | Noticed Psyche
  6868 | D:9      | Killed Psyche
  7104 | D:9      | Found a staircase to the Lair.
  7111 | D:9      | Reached skill level 10 in Axes
  7135 | D:10     | Entered Level 10 of the Dungeon
  7237 | D:10     | Noticed a two-headed ogre
  7294 | D:10     | Reached **** piety under Makhleb
  7420 | D:10     | Reached XP level 11. HP: 55/56 MP: 13/13
  7983 | D:11     | Noticed Erolcha
  7983 | D:11     | Noticed a cyan ugly thing
  7984 | D:11     | Noticed Snorg
  7997 | D:11     | Slain by Snorg

Skill      XL: |  1  2  3  4  5  6  7  8  9 10 11 |
---------------+----------------------------------+-----
Axes           | 3 4 5 6 7 9 10 | 10.8
Fighting       | 2 3 4 5 6 |  6.4
Throwing       | 2 |  2.0
Stealth        | 1 2 3 |  3.0
Armour         | 1 2 3 4 6 7 8 |  8.2
Invocations    | 2 |  2.4
Dodging        | 3 |  3.0

Action                   |  1- 3 |  4- 6 |  7- 9 | 10-12 || total
-------------------------+-------+-------+-------+-------++-------
Melee: War axe           |    62 |   182 |   227 |       ||   471
       Bite              |    15 |    39 |   122 |    71 ||   247
       Battleaxe         |       |       |    74 |   167 ||   241
Invok: Minor Destruction |       |       |     2 |    12 ||    14
  Use: Scroll            |     4 |       |     1 |     6 ||    11
       Potion            |       |       |     1 |     2 ||     3
 Stab: Sleeping          |     2 |     2 |       |       ||     4
  Eat: Chunk             |       |     5 |    14 |     7 ||    26
Armor: Leather armour    |    26 |     4 |       |       ||    30
       Plate armour      |       |   125 |   227 |   124 ||   476
       Scale mail        |       |     2 |       |       ||     2
       Ring mail         |       |       |     8 |       ||     8
Dodge: Dodged            |    64 |    68 |   139 |    97 ||   368
       Deflected         |       |       |       |     1 ||     1
